 Dungeon Crawl Stone Soup version 0.26.1-10-gdfb7c7de75 (webtiles) character file.

Game seed: 2839606312756878364

48 H0rd4k the Charlatan (level 4, -3/32 HPs)
             Began as a Human Artificer on Apr 8, 2021.
             Slain by a gnoll
             ... wielding a +0 spear
              (10 damage)
             ... on level 2 of the Dungeon.
             The game lasted 00:01:25 (1940 turns).

H0rd4k the Charlatan (Human Artificer)              Turns: 1940, Time: 00:01:25

Health: -3/32      AC:  3    Str: 13    XL:     4   Next: 0%
Magic:  4/4        EV: 11    Int: 11    God:
Gold:   47         SH:  0    Dex: 14    Spells: 3/3 levels left

rFire    . . .     SeeInvis .   o - +0 short sword
rCold    . . .     Faith    .   (no shield)
rNeg     . . .     Spirit   .   b - +0 leather armour
rPois    .         Reflect  .   (no helmet)
rElec    .         Harm     .   (no cloak)
rCorr    .         Rampage  .   (no gloves)
Will     .....                  (no boots)
Stlth    ++........             (no amulet)
HPRegen  0.10/turn              (no ring)
MPRegen  0.09/turn              (no ring)

@: no status effects
A: no striking features
a: no special abilities


You were on level 2 of the Dungeon.
You visited 1 branch of the dungeon, and saw 2 of its levels.

You collected 47 gold pieces.

Inventory:

Hand Weapons
 a - a +0 club
 o - a +0 short sword (weapon)
Armour
 b - a +0 leather armour (worn)
Wands
 c - a wand of flame (15) (quivered)
 d - a wand of enslavement (13)
 e - a wand of random effects (8)
Scrolls
 f - 3 scrolls of remove curse {unknown}
 g - a scroll of identify {unknown}
 j - a scroll of enchant armour {unknown}
 l - a scroll of random uselessness {unknown}
 n - a scroll of fear {unknown}
Potions
 h - 2 potions of haste {unknown}
 i - 2 potions of heal wounds {unknown}
 k - a potion of curing {unknown}
 m - a potion of mutation {unknown}


   Skills:
 + Level 1.1 Fighting
 + Level 0.6 Short Blades
 + Level 2.4 Armour
 + Level 1.3 Dodging
 + Level 1.7 Stealth
 + Level 3.7 Evocations


You had 3 spell levels left.
You didn't know any spells.
Your spell library was empty.

Dungeon Overview and Level Annotations

Branches:
Dungeon (2/15)

Altars:
Trog


Message History

A gnoll comes into view. It is wielding a +0 spear. x2
There is an escape hatch in the ceiling here.
The gnoll shouts!
You hear a shout!
The goblin hits you with a +0 club.
There are monsters nearby!
The gnoll shouts!
You hit the goblin but do no damage.
The gnoll hits you from afar with a +0 spear!
The goblin hits you but does no damage.
You closely miss the goblin.
The gnoll hits you from afar with a +0 spear.
A hobgoblin comes into view. It is wielding a +0 club.
The goblin hits you with a +0 club.
The gnoll hits you from afar with a +0 spear!
* * * LOW HITPOINT WARNING * * *
You are too injured to fight recklessly!
You hit the goblin.
You kill the goblin!
The gnoll hits you from afar with a +0 spear!
You die...

.##. ### .#.#
##.##..#
########...#.#
#...........##
###.##._.....#.##
#...##..†##.###.##
#<#########.# ##.#
#@# #.# ##. #)#
#'# ## #g# ... #g#
... #.# ...


.gg .#. # # You could see 3 gnolls and a hobgoblin.

Vanquished Creatures
  A gnoll (D:2)
  2 worms (D:2)
  3 giant cockroaches (D:1)
  4 goblins (D:2)
  2 hobgoblins
  3 kobolds
  2 ball pythons
  2 bats (D:2)
  2 frilled lizards
  3 rats
24 creatures vanquished.

Vanquished Creatures (collateral kills)
  A gnoll (D:2)
  A kobold (D:2)
2 creatures vanquished.

Vanquished Creatures (others)
  A gnoll (D:2)
1 creature vanquished.

Grand Total: 27 creatures vanquished

Notes
Turn   | Place    | Note
-------+----------+-------------------------------------------
     0 | D:1      | H0rd4k the Human Artificer began the quest for the Orb.
     0 | D:1      | Reached XP level 1. HP: 15/15 MP: 1/1
   464 | D:1      | Reached XP level 2. HP: 18/21 MP: 2/2
  1464 | D:2      | Reached XP level 3. HP: 26/26 MP: 3/3
  1894 | D:2      | Found a bloodstained altar of Trog.
  1908 | D:2      | Reached XP level 4. HP: 30/32 MP: 4/4
  1940 | D:2      | Slain by a gnoll

Illustrated notes

Levels and vault maps discovered:
D:1:      minmay_arrival_diagonal_passages, layout_basic,
          minmay_misc_feat_pillars, minmay_misc_feat_square
D:2:      layout_loops_corners, nicolae_ru_path_of_blood, bloody_trog,
          serial_bayou_pond_e

Action                   |  1- 3 |  4- 6 || total
-------------------------+-------+-------++-------
Melee: Club              |    38 |       ||    38
       Short sword       |    50 |     3 ||    53
Evoke: Wand              |     9 |       ||     9
 Stab: Sleeping          |     3 |       ||     3
Armor: Leather armour    |    24 |     1 ||    25
Dodge: Dodged            |    54 |       ||    54
